AoeStats
← Jack

Fortress

508901490Analyzed
4v4 RM · 6d ago on Sep 24, 2026· 45m 21s· 8 players
Game mode
Random Map
Map size
Huge
Population
200
Speed
Normal
Resources
Standard
Victory
Conquest
Starting age
Dark Age
Ending age
Imperial Age
RankedLock teamsTeams togetherTeam positionsShared explorationLock speedFull tech treeHidden civsTurbo modeCheats
Victory
Defeat
🇨🇴 Maya · Colombia
1327
+17
🇨🇳 Spanish · China
1314
+17
🇫🇷 Huns · France
1313
+17
🇸🇪 Danes · Sweden
1270
+19
🇹🇼 Slavs · Taiwan
1366
-19
🇨🇳 Saracens · China
1351
-18
🇨🇳 Khmer · China
1336
-17
🇨🇳 Ethiopians · China
1302
-16
esteman_2000
7:58 Feudal Age
11:39 Castle Age
9:29 Double-Bit Axe
9:31 Horse Collar
16:46 Bow Saw
18:05 Heavy Plow
19:14 Gold Mining
19:46 Stone Mining
21:09 Wheelbarrow
20:20 Town Watch
20:24 Loom
21:57 Stone Shaft Mining
24:00 Hand Cart
23:45 Town Patrol
25:12 Fletching
25:22 Padded Archer Armor
26:51 Bodkin Arrow
27:11 Leather Archer Armor
29:29 Ballistics
34:46 Imperial Age
34:09 Thumb Ring
36:10 Ring Archer Armor
35:44 Bracer
38:14 Two-Man Saw
36:54 Onager
38:12 Ring Archer Armor
38:38 Conscription
41:22 Chemistry
40:33 Masonry
40:59 Elite Plumed Archer
Redlocke
7:38 Feudal Age
12:14 Castle Age
10:27 Double-Bit Axe
10:29 Horse Collar
13:04 Bow Saw
17:10 Loom
17:29 Heavy Plow
17:58 Scale Mail Armor
20:17 Arson
21:42 Wheelbarrow
21:34 Gold Mining
23:00 Chain Mail Armor
23:20 Forging
24:37 Hand Cart
25:11 Town Watch
27:37 Squires
28:15 Iron Casting
29:24 Gold Shaft Mining
29:28 Gambesons
32:22 Imperial Age
32:13 Fletching
32:47 Ballistics
32:37 Masonry
32:31 Hamask
33:56 Plate Mail Armor
33:53 Conscription
35:24 Blast Furnace
34:29 Caravan
34:53 Elite Jomsviking
39:59 Onager
41:39 Siege Onager
42:07 Northmen's Fury
43:46 Siege Engineers
44:42 Chemistry
43:39 Bodkin Arrow
44:25 Elite Varangian Guard
Mapo
4:32 Loom
6:46 Feudal Age
11:19 Castle Age
9:47 Double-Bit Axe
11:26 Horse Collar
17:00 Double-Bit Axe
19:38 Redemption
22:19 Inquisition
23:21 Double-Bit Axe
24:40 Wheelbarrow
25:07 Gold Mining
25:20 Heavy Plow
26:28 Husbandry
27:48 Bloodlines
29:09 Bow Saw
29:35 Hand Cart
34:16 Imperial Age
32:02 Padded Archer Armor
32:52 Stone Mining
33:22 Scale Mail Armor
33:33 Forging
32:46 Pikeman
33:28 Squires
36:35 Chemistry
36:16 Onager
37:10 Masonry
39:41 Leather Archer Armor
40:48 Herbal Medicine
41:45 Halberdier
44:35 Conscription
44:38 Arson
44:45 Arson
44:39 Elite Conquistador
46:21 Ring Archer Armor
Psychedelonaut
5:16 Loom
8:06 Feudal Age
11:42 Castle Age
9:52 Double-Bit Axe
12:27 Wheelbarrow
14:02 Horse Collar
15:00 Heavy Plow
20:18 Bow Saw
21:49 Hand Cart
21:19 Town Watch
24:10 Gold Mining
27:19 Imperial Age
24:37 Town Watch
25:18 Forging
25:13 Scale Barding Armor
25:49 Marauders
26:18 Bloodlines
26:09 Husbandry
27:19 Iron Casting
27:06 Chain Barding Armor
27:16 Chain Barding Armor
26:55 Fletching
27:41 Elite Tarkan
28:42 Conscription
29:24 Blast Furnace
28:59 Plate Barding Armor
28:28 Bodkin Arrow
屁屁寶寶
6:01 Feudal Age
6:34 Double-Bit Axe
11:13 Castle Age
9:20 Horse Collar
9:56 Gold Mining
10:38 Stone Mining
10:42 Fletching
12:10 Bow Saw
13:12 Squires
13:30 Loom
14:58 Elite Skirmisher
21:43 Heavy Plow
24:07 Wheelbarrow
26:40 Bodkin Arrow
26:46 Scale Mail Armor
26:50 Padded Archer Armor
27:47 Gold Shaft Mining
31:02 Pikeman
32:27 Hand Cart
32:16 Caravan
32:47 Chain Mail Armor
32:43 Forging
34:55 Iron Casting
35:03 Detinets
41:45 Imperial Age
uu
7:59 Feudal Age
12:47 Castle Age
11:03 Double-Bit Axe
11:15 Horse Collar
14:05 Wheelbarrow
13:33 Heavy Plow
13:43 Bow Saw
19:10 Forging
18:54 Gold Mining
20:34 Scale Barding Armor
20:55 Hand Cart
22:24 Gold Shaft Mining
22:23 Stone Mining
22:38 Loom
25:32 Iron Casting
25:17 Chain Barding Armor
28:21 Imperial Age
28:02 Bloodlines
27:52 Husbandry
28:56 Fortified Wall
29:07 Ballistics
28:26 Elite Mameluke
29:28 Conscription
30:24 Blast Furnace
30:00 Plate Barding Armor
30:33 Two-Man Saw
32:10 Light Cavalry
34:18 Hussar
axjhbl90
7:22 Feudal Age
10:55 Castle Age
8:51 Double-Bit Axe
9:06 Gold Mining
12:11 Bow Saw
14:59 Fletching
18:21 Horse Collar
20:28 Gold Shaft Mining
21:00 Wheelbarrow
20:11 Crossbowman
23:19 Hand Cart
23:34 Bodkin Arrow
23:40 Padded Archer Armor
24:25 Ballistics
24:13 Scale Mail Armor
28:27 Chain Mail Armor
28:22 Forging
30:17 Stone Mining
32:59 Imperial Age
30:15 Loom
33:05 Arbalester
33:58 Bracer
35:48 Capped Ram
38:23 Leather Archer Armor
37:46 Siege Ram
40:38 Plate Mail Armor
41:20 Conscription
40:20 Elite Shotel Warrior
42:33 Chemistry
43:04 Iron Casting
44:43 Ring Archer Armor
Jack
8:08 Feudal Age
11:45 Castle Age
9:46 Double-Bit Axe
9:43 Horse Collar
13:18 Bow Saw
14:01 Heavy Plow
13:56 Gold Mining
19:23 Loom
20:15 Wheelbarrow
19:27 Town Watch
20:02 Stone Mining
23:37 Imperial Age
22:02 Gold Shaft Mining
21:52 Scale Barding Armor
23:22 Stone Shaft Mining
24:28 Chain Barding Armor
24:35 Hand Cart
24:42 Conscription
24:55 Siege Engineers
25:52 Chemistry
25:35 Conscription
25:30 Bloodlines
25:21 Husbandry
25:23 Light Cavalry
26:40 Plate Barding Armor
26:16 Forging
27:43 Herbal Medicine
28:10 Ballistics
28:25 Crop Rotation
28:22 Double Crossbow
30:42 Iron Casting
29:47 Elite Ballista Elephant
31:36 Masonry
32:28 Blast Furnace
31:11 Pikeman
31:59 Scale Mail Armor
32:01 Halberdier
34:55 Devotion
36:06 Hoardings
36:05 Chain Mail Armor
38:10 Fletching
41:35 Hussar
Connection lost

Rejoining the realm…

Still unreachable

The connection could not be restored.

Session expired

The server has moved on; the page needs a fresh start.